 Dungeon Crawl Stone Soup version 0.24-a0-580-g6a6c3f83c1 (webtiles) character file.

Game seed: 9163910590082482321

267 Becky the Sneak (level 6, -1/44 HPs)
             Began as a Vampire Assassin on Aug 22, 2019.
             Killed from afar by an orc wizard (6 damage)
             ... with a puff of frost
             ... on level 5 of the Dungeon.
             The game lasted 00:08:20 (1653 turns).

Becky the Sneak (Vampire Assassin)                  Turns: 1653, Time: 00:08:20

Health: -1/44      AC:  6    Str: 12    XL:     6   Next: 0%
Magic:  7/7        EV: 12    Int: 14    God:
Gold:   254        SH:  0    Dex: 15    Spells: 5/5 levels left

rFire    . . .     SeeInvis +   a - +2 dagger
rCold    . . .     Gourm    .   (no shield)
rNeg     . . .     Faith    .   r - +0 ring mail
rPois    .         Spirit   .   (no helmet)
rElec    .         Reflect  .   c - +0 cloak
rCorr    .         Harm     .   (no gloves)
MR       .....                  (no boots)
Stlth    +++.......             (no amulet)
HPRegen  0.34/turn              (no ring)
MPRegen  0.10/turn              (no ring)

@: regenerating quickly
A: no food, fangs 3, see invisible, unbreathing
a: Exsanguinate


You were on level 5 of the Dungeon.
You were alive.

You visited 1 branch of the dungeon, and saw 5 of its levels.

You collected 254 gold pieces.

Inventory:

Hand Weapons
 a - a +2 dagger (weapon)
Missiles
 d - 7 poisoned darts (quivered)
 e - 2 curare-tipped darts
Armour
 c - a +0 cloak (worn)
 r - a +0 ring mail (worn)
 s - a +0 chain mail
Wands
 p - a wand of scattershot (5)
Scrolls
 b - a scroll of blinking {unknown}
 f - a scroll of magic mapping {unknown}
 g - a scroll of fog {unknown}
 h - a scroll of enchant armour {unknown}
 j - 3 scrolls of identify {unknown}
 k - 2 scrolls of amnesia
 l - a scroll of immolation {unknown}
 m - a scroll of remove curse
 o - a scroll of teleportation {unknown}
 t - a scroll of fear {unknown}
 u - a scroll of enchant weapon {unknown}
Potions
 i - a potion of brilliance {unknown}
 n - 3 potions of mutation {unknown}
 q - a potion of flight {unknown}
 v - a potion of might {unknown}


   Skills:
 - Level 1.7 Fighting
 - Level 2.1 Short Blades
 - Level 1.5 Throwing
 + Level 3.2 Dodging
 - Level 6.5 Stealth
 + Level 4.1 Unarmed Combat
 + Level 2.3 Evocations


You had 5 spell levels left.
You didn't know any spells.
Your spell library was empty.

Dungeon Overview and Level Annotations

Branches:
Dungeon (5/15)
 Temple: D:4-7

Altars:

Shops:
D:4 *

Annotations:
D:3 3 runed translucent doors, topfpfpflanze's ghost, weakling OpWn
D:4 Grinder


Innate Abilities, Weirdness & Mutations

You do not eat.
Your natural rate of healing is unusually fast.
You have razor-sharp teeth.
You have supernaturally acute eyesight. (SInv)
You can survive without breathing.


Message History

The quokka barely misses you.
The orc wizard shouts!
You hear a shout!
The orc wizard casts a spell at you. The puff of frost hits you.
The orc wizard gestures at you while chanting.
The magic dart hits you!
* * * LOW HITPOINT WARNING * * *
An orc and an orc wizard come into view.
The orc wizard casts a spell at you. You resist with some effort.
The orc wizard casts a cantrip, but nothing happens.
The orc wizard points at you and mumbles some strange words.
The puff of flame hits you!
* * * LOW HITPOINT WARNING * * *
The orc wizard mumbles some strange words.
The orc wizard flickers and vanishes for a moment.
Found a blue potion.
The orc wizard casts a spell at you. The puff of frost hits you.
You die...

#...... #......#
#...oo.# #....oo#
#...o..# #.....(+
####......#+######
#........r@.......
#.................
#.................
#.................
#..o.o..........!.
###'###########+##
#....#
#......#....#
#....#
#.<....#....#
#....#
#......#....#
#....#


You could see 6 orc wizards, an orc and a quokka.

Vanquished Creatures
  2 scorpions (D:4)
  A wyvern skeleton (D:5)
  An orc wizard (D:4)
  3 adders (D:3)
  4 worms
  3 dart slugs
  An orc (D:3)
  9 bats
  4 giant cockroaches
  4 goblins
  2 hobgoblins
  4 jackals (D:2)
  6 kobolds
  3 quokkas
  A frilled lizard (D:3)
  A quokka skeleton (D:5)
  2 rats
51 creatures vanquished.

Vanquished Creatures (others)
  A hound (D:5)
  An orc (D:5)
2 creatures vanquished.

Grand Total: 53 creatures vanquished

Notes
Turn   | Place    | Note
-------+----------+-------------------------------------------
     0 | D:1      | Becky the Vampire Assassin began the quest for the Orb.
     0 | D:1      | Reached XP level 1. HP: 16/16 MP: 1/1
   159 | D:1      | Reached skill level 6 in Stealth
   159 | D:1      | Reached skill level 1 in Unarmed Combat
   188 | D:1      | Reached XP level 2. HP: 21/22 MP: 2/2
   524 | D:2      | Reached XP level 3. HP: 24/27 MP: 3/3
   816 | D:3      | Noticed topfpfpflanze's ghost (weakling OpWn)
   853 | D:3      | Found a runed translucent gate.
   853 | D:3      | Found a runed translucent gate.
   853 | D:3      | Found a runed translucent gate.
   977 | D:3      | Reached XP level 4. HP: 33/33 MP: 4/4
  1019 | D:3      | Reached skill level 1 in Evocations
  1092 | D:4      | Found Lusampi's General Store.
  1391 | D:5      | Entered Level 5 of the Dungeon
  1410 | D:4      | Reached XP level 5. HP: 14/38 MP: 6/6
  1545 | D:4      | Noticed Grinder
  1646 | D:5      | Reached XP level 6. HP: 23/44 MP: 7/7
  1653 | D:5      | Killed from afar by an orc wizard

Levels and vault maps discovered:
D:1:      wheals_arrival_linesprint, layout_rooms, minmay_misc_feat_doors,
          glass_columns_b
D:2:      layout_loops_corners, supply_closet_lemuel
D:3:      layout_loops_cross, gammafunk_ghost_split, bloody_makhleb
D:4:      layout_cave_pods, serial_shops, shop_coins, fountainhead, uniq_grinder
D:5:      layout_gridville, minitemple, first_ration, serial_shops,
          nicolae_shop_behind_doors, xom_confusion_cloud

Skill      XL: |  1  2  3  4  5 |
---------------+----------------+-----
Stealth        | 6 |  6.5
Unarmed Combat | 1 2 3 4 |  4.1
Evocations     | 1 2 |  2.3
Dodging        | 2 3 |  3.2
Fighting       | |  1.7
Short Blades   | |  2.1
Throwing       | |  1.5

Action                   |  1- 3 |  4- 6 || total
-------------------------+-------+-------++-------
Melee: Dagger            |   126 |    67 ||   193
       Bite              |    11 |     9 ||    20
       Punch             |       |     2 ||     2
Throw: Dart              |       |     8 ||     8
  Use: Scroll            |       |     2 ||     2
 Stab: Sleeping          |    11 |     3 ||    14
Armor: Robe              |    22 |       ||    22
       Leather armour    |    30 |       ||    30
       Ring mail         |       |    14 ||    14
Dodge: Dodged            |   110 |    39 ||   149

Table legend:
 A = Non-vault XP
 B = Vault XP
 C = Vault XP percentage of total XP
 D = Non-vault monster count
 E = Vault monster count
 F = Vault count percentage of total count
                 A         B        C        D         E       F
            +---------+---------+-------+---------+---------+-------
      Total |     382 |       0 |   0.0 |      51 |       0 |   0.0
            +---------+---------+-------+---------+---------+-------
        D:1 |      29 |       0 |   0.0 |      14 |       0 |   0.0
        D:2 |      26 |       0 |   0.0 |      14 |       0 |   0.0
        D:3 |      64 |       0 |   0.0 |      13 |       0 |   0.0
        D:4 |     196 |       0 |   0.0 |       7 |       0 |   0.0
        D:5 |      67 |       0 |   0.0 |       3 |       0 |   0.0
            +---------+---------+-------+---------+---------+-------
